 Dungeon Crawl Stone Soup version 0.17.1-3-g152610e (webtiles) character file.

291 Jerry the Poker (level 6, -15/49 HPs)
             Began as a Merfolk Fighter on Mar 3, 2016.
             Was an Initiate of Ashenzari.
             Engulfed by a cloud of flame (25 damage)
             ... on level 5 of the Dungeon.
             The game lasted 00:15:15 (3463 turns).

Jerry the Poker (Merfolk Fighter)                   Turns: 3463, Time: 00:15:19

Health: -15/49     AC:  4    Str: 17      XL:     6   Next: 32%
Magic:  6/6        EV:  9    Int:  7      God:    Ashenzari [......]
Gold:   228        SH:  9    Dex:  9 (15) Spells: 0 memorised, 5 levels left

rFire  . . .     SeeInvis .     a - +1 trident (curse)
rCold  . . .     Clarity  .     l - +0 leather armour
rNeg   . . .     SustAt   .     c - +0 shield (curse)
rPois  .         Gourm    .     (no helmet)
rElec  .         Spirit   .     (no cloak)
rCorr  .         Warding  .     (no gloves)
rMut   .         Stasis   .     q - +0 pair of boots (curse)
MR     .....                    (no amulet)
Stlth  +.........               (no ring)
                                (no ring)

@: lethally poisoned (-15 -> -24), not resistant to hostile enchantments, very
unstealthy
A: change form in water, swift swim
a: Renounce Religion


You were on level 5 of the Dungeon.
You worshipped Ashenzari.
Ashenzari was noncommittal.
You were not hungry.

You visited 1 branch of the dungeon, and saw 5 of its levels.

You collected 228 gold pieces.

Inventory:

Hand Weapons
 a - a cursed +1 trident (weapon)
Missiles
 s - 96 stones (quivered)
Armour
 b - a +0 scale mail
 c - a cursed +0 shield (worn)
 l - a +0 leather armour (worn)
 q - a cursed +0 pair of boots (worn)
Wands
 i - a wand of frost (19)
Scrolls
 g - 3 scrolls of curse jewellery
 t - 2 scrolls of remove curse
Potions
 d - a potion of heal wounds {unknown}
 h - a potion of magic
 k - 3 potions of flight
 n - a potion of curing {unknown}
 u - a potion of poison {unknown}
Comestibles
 e - 3 bread rations
 f - a slice of pizza
 m - 3 meat rations


   Skills:
 + Level 4.6 Fighting
 + Level 5.2 Polearms
 + Level 3.1 Armour
 + Level 1.1 Dodging
 + Level 4.2 Shields


You had 5 spell levels left.
You didn't know any spells.

Dungeon Overview and Level Annotations

Branches:
Dungeon (5/15)
 Temple: D:4-7

Altars:
Ashenzari
Sif Muna
The Shining One


Message History

You puncture Crazy Yiuf!
Crazy Yiuf is heavily wounded.
Crazy Yiuf hits you with a quarterstaff of chaos.
Crazy Yiuf freezes you.
You hit Crazy Yiuf.
Crazy Yiuf is severely wounded.
Crazy Yiuf hits you with a quarterstaff of chaos!
You hit Crazy Yiuf.
Crazy Yiuf is almost dead.
Crazy Yiuf says, "Walk!
Spliff blue illywillydillykilly."
Crazy Yiuf hits you with a quarterstaff of chaos.
You are poisoned.
You hit Crazy Yiuf.
Crazy Yiuf explodes!
The fiery explosion engulfs you!
Ouch! That really hurt!
* * * LOW HITPOINT WARNING * * *
You are engulfed in roaring flames.
Ouch! That really hurt!
You die...

#.###.####......#
#.# #....###....#
#.###.#### ##..##
#.....# ♣....♣
####.## ♣...♣♣
#.# ♣♣)♣♣ #.#
♣.♣♣ #.# ♣♣)♣ #.#
♣@♣ #.# ♣♣§♣ #.#
§# #.# .) #.#####
..# #.....# .)#
####### ###


There were no monsters in sight!

Vanquished Creatures
  The ghost of MixedWithMadness the Skirmisher, an amateur HEFi of Makhleb (D:3)
  A quasit (D:4)
  Crazy Yiuf (D:5)
  A worker ant (D:4)
  2 gnolls
  5 adders
  A shadow imp (D:5)
  2 worms (D:2)
  2 giant geckos
  5 bats (D:1)
  2 giant cockroaches
  3 goblins
  12 hobgoblins
  5 kobolds
  4 giant newts
  6 rats
53 creatures vanquished.

Notes
Turn   | Place    | Note
--------------------------------------------------------------
     0 | D:1      | Jerry the Merfolk Fighter began the quest for the Orb.
     0 | D:1      | Reached XP level 1. HP: 18/18 MP: 1/1
   305 | D:1      | Reached XP level 2. HP: 22/24 MP: 2/2
   412 | D:1      | Reached XP level 3. HP: 25/29 MP: 3/3
   958 | D:2      | Reached skill level 4 in Polearms
   958 | D:2      | Reached XP level 4. HP: 29/37 MP: 4/4
  1769 | D:3      | Noticed MixedWithMadness's ghost (amateur HEFi)
  2145 | D:3      | Found a glowing golden altar of the Shining One.
  2314 | D:3      | Reached XP level 5. HP: 32/42 MP: 5/5
  2408 | D:3      | Found a deep blue altar of Sif Muna.
  2452 | D:3      | Found a shattered altar of Ashenzari.
  2464 | D:3      | Became a worshipper of Ashenzari the Shackled
  2877 | D:3      | Killed MixedWithMadness's ghost
  3112 | D:4      | Reached skill level 5 in Polearms
  3112 | D:4      | Reached XP level 6. HP: 22/49 MP: 6/6
  3258 | D:4      | Reached skill level 1 in Dodging
  3286 | D:5      | Entered Level 5 of the Dungeon
  3456 | D:5      | Noticed Crazy Yiuf
  3463 | D:5      | Killed Crazy Yiuf
  3463 | D:5      | Engulfed by a cloud of flame

Action                   |  1- 3 |  4- 6 || total
-------------------------+-------+-------++-------
Melee: Trident           |   123 |   144 ||   267
  Use: Scroll            |       |    12 ||    12
       Potion            |       |     1 ||     1
 Stab: Distracted        |       |     1 ||     1
  Eat: Chunk             |       |     5 ||     5
       Bread ration      |       |     1 ||     1
